 Dungeon Crawl Stone Soup version 0.31-a0-102-g33a4ccc0cb (webtiles) character file.

Game seed: 17634164292946130374

2 Esekla the Sneak (level 1, 16/16 HPs)
             Began as an Octopode Delver on May 26, 2023.
             Quit the game on level 5 of the Dungeon.
             The game lasted 00:01:28 (116 turns).

Esekla the Sneak (Octopode Delver)                   Turns: 116, Time: 00:01:29

Health: 16/16      AC:  1    Str: 11    XL:     1   Next: 30%
Magic:  1/1        EV: 13    Int: 12    God:
Gold:   22         SH:  0    Dex: 13    Spells: 0/0 levels left

rFire   . . .        a - +0 falchion
rCold   . . .        (no shield)
rNeg    . . .        (helmet restricted)
rPois   .            (no amulet)
rElec   .            (no ring)
rCorr   .            (no ring)
SInv    .            (no ring)
Will    .....        (no ring)
Stlth   ++++         (no ring)
HPRegen 0.22/turn    (no ring)
MPRegen 0.07/turn    (no ring)
                     (no ring)

%: no passive effects
@: no status effects
A: almost no armour, amphibious, 8 rings, camouflage 1, gelatinous body 1,
(nimble swimmer 1), tentacles
a: no special abilities


You were on level 5 of the Dungeon.
You visited 1 branch of the dungeon, and saw 1 of its levels.

You collected 22 gold pieces.

Inventory:

Hand Weapons
 a - a +0 falchion (weapon)
Wands
 f - a wand of digging (3)
Scrolls
 b - a scroll of fog
Potions
 c - a potion of mutation {unknown}
 e - a potion of haste
 g - 2 potions of heal wounds {unknown}


   Skills:
 * Level 3.0 Fighting
 * Level 2.0 Long Blades
 * Level 2.0 Dodging
 + Level 6.6 Stealth
 * Level 0.1 Spellcasting


You couldn't memorise any spells.
You didn't know any spells.
Your spell library contained the following spells:

 Spells                   Type           Power      Damage    Failure   Level
 Animate Dead             Necr           0%         N/A       97%         4
 Haunt                    Necr/Summ      0%         N/A       100%        7
 Infestation              Necr           0%         N/A       100%        8


Dungeon Overview and Level Annotations

Branches:
Dungeon (5/15)
 Temple: D:4-7

Altars:

Shops:
D:5 (


Innate Abilities, Weirdness & Mutations

You cannot wear most types of armour.
You are amphibious.
You can wear up to eight rings at the same time.
Your skin changes colour to match your surroundings (Stealth+).
Your rubbery body absorbs attacks. (AC +1, EV +1)
((You are camouflaged when in or above water. (Stealth+)))
You have tentacles for arms and can constrict up to eight enemies at once.


Message History

You now have 5 gold pieces.
Found a leather armour.
The orc shouts!
You hear a shout! x2
An orc comes into view. It is wielding a +0 dagger.
The orc shouts!
You see here 2 clear potions.
g - 2 clear potions The orc shouts!
Found 10 gold pieces.
Found 17 gold pieces.
A hound comes into view.
An iguana comes into view.
Found a metallic cyan potion.
Okay, then.
An ufetubus comes into view.
Found a scroll of fog and a robe.
An orc and an orc priest come into view.
The orc shouts!
An orc priest comes into view. It is wielding a +0 flail.
The orc priest moves out of view.
An orc comes into view. It is wielding a +0 trident.
The hound barks!
The orc priest shouts!
The orc shouts!
You hear a shout!
You see here 17 gold pieces.
You now have 22 gold pieces (gained 17).
The orc priest miscasts a cantrip.
As you read the scroll of fear, it crumbles to dust.
You assume a fearsome visage.
The hound looks frightened!
The iguana looks frightened!
The orc looks frightened!
The orc priest looks frightened!
The orc looks frightened!
The orc priest looks frightened!
The orc looks frightened! x3
An ice beast comes into view.
An orc comes into view. It is wielding a +0 hand axe.
You slash the orc!
You kill the orc!
Found Rufeong's Weapon Emporium.
There is an entrance to Rufeong's Weapon Emporium here.
An adder comes into view.
The adder hisses angrily.
Found 14 gold pieces.
Are you sure you want to abandon this character and quit the game? (Confirm with "yes".)

*** ###...*#..#
***,*###.....##..#
**,*,,#......#....####
*,,,,,,..........∩...### ***
**,,.$,,.....#.##......#
*,****,,.....##.##.##..###.##
*,**,,,,.....#...Y.#...##...#
,,,,,,,,**#.....##.##.o.....#
,**,,,,,.....##.@#..##......##
,,**,,**....,,#..............#
,,,,,,,*..,,,......###.....###
,,,,,,,,,,,........# #....###
,,,,,,,,,.....S....###......#
,<,,,,,,,o....#.....#.......#
,,,,,,,,,.....#..........).##
,,,,,,,,,#...............#.#
*,,,,,,,,**,,,............##


You could see an adder and an orc.

Vanquished Creatures
  An orc (D:5)
1 creature vanquished.

Notes
Turn   | Place    | Note
-------+----------+-------------------------------------------
     0 | D:5      | Esekla the Octopode Delver began the quest for the Orb.
     0 | D:5      | Reached XP level 1. HP: 16/16 MP: 1/1
    77 | D:5      | Noticed a hound
    78 | D:5      | Noticed an iguana
    81 | D:5      | Noticed an orc priest
    81 | D:5      | Noticed an orc priest
    86 | D:5      | Noticed an ice beast
   100 | D:5      | Found Rufeong's Weapon Emporium.
   116 | D:5      | Quit the game

Illustrated notes

Levels and vault maps discovered:
D:5:      layout_cave_pools, serial_shops, nicolae_square_shop,
          hangedman_decor_riveting

Action                     || total
---------------------------++-------
  Melee: Falchion          ||     1
    Use: Scroll            ||     2

Table legend: (Time is in decaauts)
 A = Elapsed time spent in this place.
 B = Non-inter-level travel time spent in this place.
 C = Inter-level travel time spent in this place.
 D = Time resting spent in this place.
 E = Time spent auto-exploring this place.
 F = Levels seen in this place.
 G = Mean time per level.
                   A        B        C        D        E       F      G
               +--------+--------+--------+--------+--------+-----+--------+
         Total |    116 |    116 |      0 |      0 |      0 |   1 |  116.0 |
       Dungeon |    116 |    116 |      0 |      0 |      0 |   1 |  116.0 |
               +--------+--------+--------+--------+--------+-----+--------+

Top non-repeatable levels by time:
     D:5: 116 daAuts
